 Dungeon Crawl Stone Soup version 0.27-a0-1101-ge311f74bc8 (webtiles) character file.

Game seed: 5758701264778235030

112 voltaire321 the Shield-Bearer (level 4, -1/33 HPs)
             Began as an Octopode Fighter on Apr 28, 2021.
             Slain by a white imp (4 damage)
             ... summoned by Natasha
             ... on level 2 of the Dungeon.
             The game lasted 00:03:31 (1851 turns).

voltaire321 the Shield-Bearer (Octopode Fighter)    Turns: 1851, Time: 00:03:32

Health: -1/33      AC:  1    Str: 15    XL:     4   Next: 95%
Magic:  4/4        EV: 11    Int: 10    God:
Gold:   64         SH:  9    Dex: 12    Spells: 3/3 levels left

rFire    . . .     SeeInvis .   a - +0 trident
rCold    . . .     Faith    .   b - +0 kite shield
rNeg     . . .     Spirit   .   (helmet restricted)
rPois    .         Reflect  .   (no amulet)
rElec    .         Harm     .   (no ring)
rCorr    .         Rampage  .   (no ring)
Will     .....                  (no ring)
Stlth    ++........             (no ring)
HPRegen  0.11/turn              (no ring)
MPRegen  0.09/turn              (no ring)
                                (no ring)
                                (no ring)

@: slowed, very slow
A: almost no armour, amphibious, 8 rings, camouflage 1, gelatinous body 1,
(nimble swimmer 1), tentacles
a: no special abilities


You were on level 2 of the Dungeon.
You visited 1 branch of the dungeon, and saw 2 of its levels.

You collected 64 gold pieces.

Inventory:

Hand Weapons
 a - a +0 trident (weapon)
Missiles
 e - 14 poisoned darts (quivered)
 f - 2 throwing nets
Armour
 b - a +0 kite shield (worn)
Jewellery
 i - an amulet of guardian spirit
Wands
 l - a wand of flame (15)
Scrolls
 d - 3 scrolls of identify {unknown}
 g - a scroll of vulnerability {unknown}
 h - a scroll of teleportation {unknown}
 j - a scroll of torment {unknown}
Potions
 c - a potion of might
 k - a potion of brilliance {unknown}


   Skills:
 + Level 3.7 Fighting
 + Level 3.0 Polearms
 + Level 3.7 Dodging
 + Level 3.7 Shields


You had 3 spell levels left.
You didn't know any spells.
Your spell library contained the following spells:

 Spells                   Type           Power      Damage    Failure   Level
 Summon Small Mammal      Summ           0%         N/A       85%         1
 Call Imp                 Summ           0%         N/A       94%         2
 Call Canine Familiar     Summ           0%         N/A       99%         3
 Summon Guardian Golem    Hex/Summ       0%         N/A       99%         3
 Summon Ice Beast         Ice/Summ       0%         N/A       100%        4
 Summon Lightning Spire   Summ/Air       0%         N/A       100%        4


Dungeon Overview and Level Annotations

Branches:
Dungeon (2/15)

Altars:

Annotations:
D:2 Natasha


Innate Abilities, Weirdness & Mutations

You cannot wear most types of armour.
You are amphibious.
You can wear up to eight rings at the same time.
Your skin changes colour to match your surroundings (Stealth+).
Your rubbery body absorbs attacks. (AC +1, EV +1)
((You are camouflaged near water. (Stealth+)))
You have tentacles for arms and can constrict up to eight enemies at once.


Message History

Your +0 kite shield unmelds from your body.
You now have 64 gold pieces (gained 14).
You see here 19 sling bullets.
l - a wand of flame (15)
d - 3 scrolls labelled BIYSUET RIUJEL (gained 1) Natasha, Servant of Life and Death comes into view.
She is carrying a wand of polymorph (7).
Natasha moves out of view.
Natasha hisses angrily.
Natasha drinks a potion.
Natasha flickers and vanishes!
Deactivating autopickup; reactivate with Ctrl-A.
There is a strange disturbance nearby!
You block something's attack.
You closely miss something. You block something's attack.
You barely miss something. You squeeze something!
You hear some strange, mumbled words.
You feel yourself slow down. Something claws you.
You barely miss something.
You hear some strange, mumbled words.
You feel as though you will be slow longer.
You block something's attack.
Your shield prevents you from hitting something.
You hear some strange, mumbled words.
A magic dart appears from out of thin air!
The magic dart hits you! Something claws you.
You miss something.
You hear some strange, mumbled words. x2
Something tries to affect you, but you resist.
You closely miss something. You squeeze something. Something claws you!
The white imp hits you but does no damage.
You hear some strange, mumbled words.
You barely miss something. The white imp closely misses you.
You block something's attack.
The crimson imp blinks!
The white imp gestures at you. The puff of frost hits you.
* * * LOW HITPOINT WARNING * * *
You block something's attack.
You closely miss something. The white imp hits you.
* * * LOW HITPOINT WARNING * * *
The white imp freezes you.
You die...

...###...............####### #.
...#........###.#..#.......## ##
#....###.............#####..#####
#).#.########...#.#..# ##.....#
...#..#######..#.#.#.# #####.#
##.##..>....#...#_#..### #..
##.########..).#.#5#...##########
...#.....####...#.#..#...........
..........####.{@....############
...........######5..## #
...(................#############
........>..######.......)........
...........# ###.....#########
...........# #..##...##
...........# ##.......#
..........## ######..###
..##.....## #.<..#


You could see a crimson imp (summoned) and a white imp (summoned).

Vanquished Creatures
  Natasha (twice) (D:2)
  An adder (D:2)
  A worm (D:2)
  A dart slug (D:1)
  5 bats
  3 endoplasms (D:1)
  3 giant cockroaches
  7 goblins
  2 hobgoblins
  11 jackals
  3 kobolds (D:1)
  A quokka (D:1)
  3 rats (D:1)
43 creatures vanquished.

Notes
Turn   | Place    | Note
-------+----------+-------------------------------------------
     0 | D:1      | voltaire321 the Octopode Fighter began the quest for the
                  | Orb.
     0 | D:1      | Reached XP level 1. HP: 16/16 MP: 1/1
    46 | D:1      | Reached XP level 2. HP: 20/21 MP: 2/2
   380 | D:1      | Reached XP level 3. HP: 26/26 MP: 3/3
  1062 | D:2      | Found a faded altar of an unknown god.
  1282 | D:2      | Noticed Natasha
  1307 | D:2      | Killed Natasha
  1308 | D:2      | Reached XP level 4. HP: 18/31 MP: 4/4
  1703 | D:2      | Noticed Natasha
  1712 | D:2      | Killed Natasha
  1832 | D:2      | Noticed Natasha
  1851 | D:2      | Slain by a white imp

Illustrated notes

Levels and vault maps discovered:
D:1:      lemuel_arrival_room, layout_basic, minmay_misc_feat_pillars
D:2:      layout_rooms, chequers_ecumenical_altar_simple_redux,
          serial_bayou_pond_a, chequers_decorated_corner, minivault_5,
          uniq_natasha

Skill      XL: |  1  2  3  4 |
---------------+-------------+-----
Polearms       | 3 |  3.0
Fighting       | |  3.7
Dodging        | |  3.7
Shields        | |  3.7

Action                   |  1- 3 |  4- 6 || total
-------------------------+-------+-------++-------
Melee: Trident           |    79 |    27 ||   106
       Constrict         |    15 |     6 ||    21
       Tentacles         |     2 |     5 ||     7
       Unarmed           |       |    10 ||    10
 Stab: Sleeping          |     5 |       ||     5
Armor: Skin              |     6 |     4 ||    10
Dodge: Dodged            |    23 |    21 ||    44
Block: Kite shield       |    16 |    15 ||    31

Table legend: (Time is in decaauts)
 A = Elapsed time spent in this place.
 B = Non-inter-level travel time spent in this place.
 C = Inter-level travel time spent in this place.
 D = Time resting spent in this place.
 E = Time spent auto-exploring this place.
 F = Levels seen in this place.
 G = Mean time per level.
                   A        B        C        D        E       F      G
               +--------+--------+--------+--------+--------+-----+--------+
         Total |   1897 |   1875 |     22 |    643 |    873 |   2 |  948.5 |
       Dungeon |   1897 |   1875 |     22 |    643 |    873 |   2 |  948.5 |
               +--------+--------+--------+--------+--------+-----+--------+

Top non-repeatable levels by time:
     D:1: 1072 daAuts
     D:2: 825 daAuts
